SAAA
FLORIDA MEN @ TORTOLITA DRUMMERS
08/16/2042
 
TOP OF THE 1ST
Florida Men batting - Pitching for Tortolita Drummers : RHP Cisco Pérez
Pitching: RHP Cisco Pérez
Batting: RHB Matsudaira Sugahara 0-0: Called Strike
0-1: Ball
1-1: Called Strike
1-2: Foul Ball, location: 2F
1-2: Strikes out swinging
Batting: RHB Marcos Janero 0-0: Ball
1-0: Ball
2-0: Fly out, F9 (Flyball, 9S, EV 88.8 MPH)
Batting: LHB Edward Kisiner 0-0: Called Strike
0-1: Called Strike
0-2: Strikes out looking
Top of the 1st over - 0 runs, 0 hits, 0 errors, 0 left on base; Florida 0 - Tortolita 0
BOTTOM OF THE 1ST
Tortolita Drummers batting - Pitching for Florida Men : RHP Enrique Cruz
Pitching: RHP Enrique Cruz
Batting: RHB Alberto Ramírez 0-0: Ball
1-0: Called Strike
1-1: Fly out, F8 (Flyball, 89M, EV 88.8 MPH)
Batting: RHB Peter Holland 0-0: Ball
1-0: Ball
2-0: Called Strike
2-1: Called Strike
2-2: Strikes out swinging
Batting: LHB Carlos Leyva 0-0: Foul Ball, location: 2F
0-1: Called Strike
0-2: Ground out 4-3 (Groundball, 4, EV 80.0 MPH)
Bottom of the 1st over - 0 runs, 0 hits, 0 errors, 0 left on base; Florida 0 - Tortolita 0
TOP OF THE 2ND
Florida Men batting - Pitching for Tortolita Drummers : RHP Cisco Pérez
Batting: RHB Walke Mehoff 0-0: Ball
1-0: SINGLE (Groundball, 6S, EV 64.4 MPH) (infield hit)
Batting: RHB César Guerra 0-0: Called Strike
0-1: Ball
1-1: SINGLE (Line Drive, 89M, EV 98.1 MPH)
Walke Mehoff to second
Batting: LHB Basava Puri 0-0: Ball
1-0: Foul Ball, location: 2F
1-1: Fielders Choice at 2nd, 1-4 (Groundball, 15, EV 75.0 MPH)
Walke Mehoff to third
Batting: RHB Pellervo Rintanen 0-0: Ball
1-0: Called Strike
1-1: Fly out, F9 (Flyball, 9, EV 90.0 MPH)
Runner from 3rd tags up, OUT at HOME! 9-2
Top of the 2nd over - 0 runs, 2 hits, 0 errors, 1 left on base; Florida 0 - Tortolita 0
BOTTOM OF THE 2ND
Tortolita Drummers batting - Pitching for Florida Men : RHP Enrique Cruz
Batting: LHB Rick Crockett 0-0: Called Strike
0-1: SINGLE (Groundball, 6MD, EV 103.1 MPH)
Batting: RHB Omer Yurtseven 0-0: Ball
1-0: Grounds into double play, 4-6-3 (Groundball, 4, EV 78.8 MPH)
Batting: RHB Ken Moore 0-0: Called Strike
0-1: Ball
1-1: Ball
2-1: Ball
3-1: Called Strike
3-2: Ground out 6-3 (Groundball, 6S, EV 78.8 MPH)
Bottom of the 2nd over - 0 runs, 1 hit, 0 errors, 0 left on base; Florida 0 - Tortolita 0
TOP OF THE 3RD
Florida Men batting - Pitching for Tortolita Drummers : RHP Cisco Pérez
Batting: RHB Tristan Powell 0-0: Ball
1-0: Ball
2-0: Ball
3-0: Called Strike
3-1: SOLO HOME RUN (Flyball, 7D, EV 92.5 MPH), Distance : 352 ft
Batting: SHB Arend van der Veen 0-0: Called Strike
0-1: Ball
1-1: Foul Ball, location: 2F
1-2: Foul Ball, location: 2F
1-2: Foul Ball, location: 2F
1-2: Fly out, F9 (Flyball, 9, EV 90.6 MPH)
Batting: RHB Matsudaira Sugahara 0-0: Called Strike
0-1: Swinging Strike
0-2: Foul Ball, location: 2F
0-2: Ball
1-2: SINGLE (Line Drive, 56, EV 95.0 MPH)
Batting: RHB Marcos Janero 0-0: Ball
1-0: Called Strike
1-1: Fly out, F8 (Flyball, 8LM, EV 91.2 MPH)
Batting: LHB Edward Kisiner 0-0: Called Strike
0-1: Fly out, F8 (Flyball, 8LD, EV 87.5 MPH)
Top of the 3rd over - 1 run, 2 hits, 0 errors, 1 left on base; Florida 1 - Tortolita 0
BOTTOM OF THE 3RD
Tortolita Drummers batting - Pitching for Florida Men : RHP Enrique Cruz
Batting: SHB Fernando Rincón 0-0: Ball
1-0: Fly out, F6 (Popup, 4M, EV 58.1 MPH)
Batting: SHB John Wilder 0-0: Ball
1-0: Foul Ball, location: 2F
1-1: Foul Ball, location: 2F
1-2: Foul Ball, location: 2F
1-2: Strikes out looking
Batting: RHB Graeme Dormer 0-0: Called Strike
0-1: Called Strike
0-2: Fly out, F9 (Flyball, 9, EV 88.8 MPH)
Bottom of the 3rd over - 0 runs, 0 hits, 0 errors, 0 left on base; Florida 1 - Tortolita 0
TOP OF THE 4TH
Florida Men batting - Pitching for Tortolita Drummers : RHP Cisco Pérez
Batting: RHB Walke Mehoff 0-0: Ball
1-0: Ball
2-0: DOUBLE (Line Drive, 9LM, EV 109.4 MPH)
Pinch Runner at 2nd Tristan Eikelenboom:
Batting: RHB César Guerra 0-0: Ball
1-0: Fly out, F3 (Popup, 3SF, EV 73.1 MPH)
Batting: LHB Basava Puri 0-0: Ball
1-0: Fly out, F8 (Flyball, 8LS, EV 83.8 MPH)
Batting: RHB Pellervo Rintanen 0-0: Ball
1-0: Foul Ball, location: 2F
1-1: Ball
2-1: Foul Ball, location: 2F
2-2: Ball
3-2: Fly out, F4 (Popup, 3D, EV 58.8 MPH)
Top of the 4th over - 0 runs, 1 hit, 0 errors, 1 left on base; Florida 1 - Tortolita 0
BOTTOM OF THE 4TH
Tortolita Drummers batting - Pitching for Florida Men : RHP Enrique Cruz
Now in RF: Tristan Eikelenboom
Batting: RHB Alberto Ramírez 0-0: DOUBLE (Line Drive, 89D, EV 99.4 MPH)
Batting: RHB Peter Holland 0-0: Ball
1-0: Ball
2-0: Called Strike
2-1: Foul Ball, location: 2F
2-2: Ball
3-2: Ground out 4-3 (Groundball, 4S, EV 65.0 MPH)
Alberto Ramírez to third
Batting: LHB Carlos Leyva 0-0: Called Strike
0-1: Ball
1-1: Called Strike
1-2: Strikes out looking
Batting: LHB Rick Crockett 0-0: Called Strike
0-1: Ball
1-1: Called Strike
1-2: Ball
2-2: Ball
3-2: Strikes out swinging
Bottom of the 4th over - 0 runs, 1 hit, 0 errors, 1 left on base; Florida 1 - Tortolita 0
TOP OF THE 5TH
Florida Men batting - Pitching for Tortolita Drummers : RHP Cisco Pérez
Batting: RHB Tristan Powell 0-0: Called Strike
0-1: Fly out, F8 (Line Drive, 8RD, EV 90.6 MPH)
Batting: SHB Arend van der Veen 0-0: Ball
1-0: Ball
2-0: Foul Ball, location: 2F
2-1: Ball
3-1: Foul Ball, location: 2F
3-2: Fly out, F7 (Flyball, 7S, EV 91.2 MPH)
Batting: RHB Matsudaira Sugahara 0-0: Ball
1-0: Foul Ball, location: 2F
1-1: Fly out, F2 (Popup, 23F, EV 85.0 MPH)
Top of the 5th over - 0 runs, 0 hits, 0 errors, 0 left on base; Florida 1 - Tortolita 0
BOTTOM OF THE 5TH
Tortolita Drummers batting - Pitching for Florida Men : RHP Enrique Cruz
Batting: RHB Omer Yurtseven 0-0: Called Strike
0-1: Fly out, F4 (Popup, 4S, EV 65.6 MPH)
Batting: RHB Ken Moore 0-0: Ball
1-0: Ground out 4-3 (Groundball, 4, EV 78.8 MPH)
Batting: SHB Fernando Rincón 0-0: Called Strike
0-1: Foul Ball, location: 2F
0-2: Ground out 4-3 (Groundball, 34D, EV 101.9 MPH)
Bottom of the 5th over - 0 runs, 0 hits, 0 errors, 0 left on base; Florida 1 - Tortolita 0
TOP OF THE 6TH
Florida Men batting - Pitching for Tortolita Drummers : RHP Cisco Pérez
Batting: RHB Marcos Janero 0-0: Called Strike
0-1: Ball
1-1: Ground out 6-3 (Groundball, 6, EV 84.4 MPH)
Batting: LHB Edward Kisiner 0-0: Called Strike
0-1: Foul Ball, location: 2F
0-2: Foul Ball, location: 2F
0-2: Ball
1-2: Ball
2-2: Foul Ball, location: 2F
2-2: Strikes out looking
Batting: RHB Tristan Eikelenboom 0-0: Ball
1-0: SINGLE (Line Drive, 3D, EV 95.0 MPH)
Batting: RHB César Guerra 0-0: Ball
1-0: Foul Ball, location: 2F
1-1: SINGLE (Groundball, 3, EV 98.1 MPH) (infield hit)
Tristan Eikelenboom to second
Batting: LHB Basava Puri 0-0: Ball
1-0: DOUBLE (Groundball, 5L, EV 108.8 MPH)
Tristan Eikelenboom scores
César Guerra to third
Batting: RHB Pellervo Rintanen 0-0: Called Strike
0-1: Fly out, F9 (Flyball, 89D, EV 98.1 MPH)
Top of the 6th over - 1 run, 3 hits, 0 errors, 2 left on base; Florida 2 - Tortolita 0
BOTTOM OF THE 6TH
Tortolita Drummers batting - Pitching for Florida Men : RHP Enrique Cruz
Batting: SHB John Wilder 0-0: Ball
1-0: Ball
2-0: Foul Ball, location: 2F
2-1: Ground out 3-1 (Groundball, 34, EV 102.5 MPH)
Batting: RHB Graeme Dormer 0-0: Ball
1-0: Called Strike
1-1: Swinging Strike
1-2: Ball
2-2: Ball
3-2: Base on Balls
Batting: RHB Alberto Ramírez 0-0: Ball
Wild Pitch!
Graeme Dormer to second
1-0: Foul Ball, location: 2F
1-1: Swinging Strike
1-2: Ball
2-2: Ground out 4-3 (Groundball, 4, EV 106.2 MPH)
Graeme Dormer to third
Batting: RHB Peter Holland 0-0: Called Strike
0-1: Ball
1-1: Fly out, F6 (Line Drive, 6, EV 69.4 MPH)
Bottom of the 6th over - 0 runs, 0 hits, 0 errors, 1 left on base; Florida 2 - Tortolita 0
TOP OF THE 7TH
Florida Men batting - Pitching for Tortolita Drummers : RHP Cisco Pérez
Batting: RHB Tristan Powell 0-0: Ball
1-0: Ball
2-0: Called Strike
2-1: Swinging Strike
2-2: Strikes out looking
Batting: SHB Arend van der Veen 0-0: Ball
1-0: Ball
2-0: Fly out, F8 (Flyball, 8RM, EV 79.4 MPH)
Batting: RHB Matsudaira Sugahara 0-0: Swinging Strike
0-1: Ball
1-1: Fly out, F9 (Flyball, 9LS, EV 75.0 MPH)
Top of the 7th over - 0 runs, 0 hits, 0 errors, 0 left on base; Florida 2 - Tortolita 0
BOTTOM OF THE 7TH
Tortolita Drummers batting - Pitching for Florida Men : RHP Enrique Cruz
Batting: LHB Carlos Leyva 0-0: Ball
1-0: Ball
2-0: Ball
3-0: Base on Balls
Batting: LHB Rick Crockett 0-0: Ball
1-0: Ball
2-0: Ball
3-0: Called Strike
3-1: Grounds into double play, 6-4-3 (Groundball, 6, EV 103.8 MPH)
Pitching: RHP Marty McFly
Batting: RHB Omer Yurtseven 0-0: Called Strike
0-1: SINGLE (Groundball, 56D, EV 99.4 MPH)
Batting: RHB Ken Moore 0-0: Swinging Strike
0-1: Ball
1-1: Called Strike
1-2: Strikes out looking
Bottom of the 7th over - 0 runs, 1 hit, 0 errors, 1 left on base; Florida 2 - Tortolita 0
TOP OF THE 8TH
Florida Men batting - Pitching for Tortolita Drummers : RHP Cisco Pérez
Batting: RHB Marcos Janero 0-0: Ball
1-0: Swinging Strike
1-1: Foul Ball, location: 2F
1-2: SINGLE (Line Drive, 7S, EV 93.8 MPH)
Pitching: LHP Gabriel Leeds
Batting: LHB Edward Kisiner 0-0: Called Strike
0-1: TRIPLE (Flyball, 89XD, EV 95.0 MPH)
Marcos Janero scores
Batting: RHB Tristan Eikelenboom 0-0: Ball
1-0: Fly out, F9 (Flyball, 9LSF, EV 81.2 MPH)
Runner from 3rd tags up, SCORES, throw by RF
Batting: RHB César Guerra 0-0: SINGLE (Groundball, 6MS, EV 82.5 MPH) (infield hit)
Batting: LHB Basava Puri 0-0: Ball
1-0: Foul Ball, location: 2F
1-1: Ball
2-1: Ball
3-1: Called Strike
3-2: Foul Ball, location: 2F
3-2: Fielders Choice at 2nd, 4-6 (Groundball, 34, EV 91.9 MPH)
Batting: RHB Pellervo Rintanen 0-0: Called Strike
0-1: Foul Ball, location: 2F
0-2: Ball
1-2: Strikes out swinging
Top of the 8th over - 2 runs, 3 hits, 0 errors, 1 left on base; Florida 4 - Tortolita 0
BOTTOM OF THE 8TH
Tortolita Drummers batting - Pitching for Florida Men : RHP Marty McFly
Pitching: LHP Norberto Huerta
Batting: SHB Fernando Rincón 0-0: Foul Ball, location: 2F
0-1: Ball
1-1: Ball
2-1: Ball
3-1: Ground out 4-3 (Groundball, 4, EV 96.9 MPH)
Batting: SHB John Wilder 0-0: Called Strike
0-1: Foul Ball, location: 2F
0-2: Ball
1-2: Strikes out swinging
Batting: RHB Graeme Dormer 0-0: Ball
1-0: Ball
2-0: Foul Ball, location: 2F
2-1: Ball
3-1: Foul Ball, location: 2F
3-2: Ground out U3 (Groundball, 34, EV 88.8 MPH)
Bottom of the 8th over - 0 runs, 0 hits, 0 errors, 0 left on base; Florida 4 - Tortolita 0
TOP OF THE 9TH
Florida Men batting - Pitching for Tortolita Drummers : LHP Gabriel Leeds
Pitching: RHP Carlos Taváres
Batting: RHB Tristan Powell 0-0: Called Strike
0-1: Ball
1-1: Foul Ball, location: 2F
1-2: Foul Ball, location: 2F
1-2: Foul Ball, location: 2F
1-2: Strikes out swinging
Batting: SHB Arend van der Veen 0-0: Ball
1-0: Foul Ball, location: 2F
1-1: Foul Ball, location: 2F
1-2: Strikes out looking
Batting: RHB Matsudaira Sugahara 0-0: Ground out 4-3 (Groundball, 4, EV 91.9 MPH)
Top of the 9th over - 0 runs, 0 hits, 0 errors, 0 left on base; Florida 4 - Tortolita 0
BOTTOM OF THE 9TH
Tortolita Drummers batting - Pitching for Florida Men : LHP Norberto Huerta
Pitching: RHP Roderick Miller
Batting: RHB Alberto Ramírez 0-0: Called Strike
0-1: Called Strike
0-2: Foul Ball, location: 2F
0-2: Foul Ball, location: 2F
0-2: Ball
1-2: Ball
2-2: Ball
3-2: Base on Balls
Batting: RHB Peter Holland 0-0: Ball
1-0: Called Strike
1-1: Foul Ball, location: 2F
1-2: Ball
2-2: Ball
3-2: Strikes out swinging
Alberto Ramírez is caught stealing 2nd base 2-4
Batter strikes out.
Batting: LHB Carlos Leyva 0-0: Ball
1-0: Ground out 4-3 (Groundball, 34, EV 93.8 MPH)
Bottom of the 9th over - 0 runs, 0 hits, 0 errors, 0 left on base; Florida 4 - Tortolita 0
Friday, March 26th, 2021 - OOTP Baseball 20.8 Build 74